 Dungeon Crawl Stone Soup version 0.20.1-1-g8b1a95d (webtiles) character file.

452 KrissDaBro the Firebug (level 6, -4/47 HPs)
             Began as a Draconian Fire Elementalist on Oct 24, 2017.
             Shot with an arrow by a centaur (8 damage)
             ... on level 5 of the Dungeon.
             The game lasted 01:16:22 (5726 turns).

KrissDaBro the Firebug (DrFE)                       Turns: 5726, Time: 01:16:23

Health: -4/47      AC:  7    Str: 12    XL:     6   Next: 75%
Magic:  8/10       EV: 12    Int: 16    God:
Gold:   199        SH:  0    Dex: 11    Spells: 1/11 levels left

rFire    . . .     SeeInvis +   u - +2 mace (protect)
rCold    . . .     Gourm    .   (no shield)
rNeg     . . .     Faith    +   (armour unavailable)
rPois    .         Spirit   .   i - +0 hat
rElec    .         Reflect  .   (no cloak)
rCorr    .         Harm     .   m - +0 pair of gloves
MR       .....                  (no boots)
Stlth    ++........             j - amulet of faith
Regen    0.2/turn               c - ring of see invisible
MPRegen  0.2/turn               (no ring)

@: about to teleport
A: unfitting armour, cold-blooded, AC +6
a: no special abilities


You were on level 5 of the Dungeon.
You were not hungry.

You visited 1 branch of the dungeon, and saw 5 of its levels.

You collected 199 gold pieces.

Inventory:

Hand Weapons
 p - a +1 antimagic dagger
 u - a +2 mace of protection (weapon)
Missiles
 g - 109 stones (quivered)
 v - a throwing net
Armour
 i - a +0 hat (worn)
 m - a +0 pair of gloves (worn)
Jewellery
 c - a ring of see invisible (left hand)
 j - an amulet of faith (around neck)
Wands
 r - a wand of random effects (10/48) {Drain}
Scrolls
 d - 3 scrolls of fear
 f - a scroll of random uselessness {unknown}
 k - 2 scrolls of identify
 l - a scroll of noise {unknown}
 q - 2 scrolls of enchant weapon
 w - a scroll of immolation {unknown}
Potions
 e - a potion of haste {unknown}
 h - a potion of invisibility {unknown}
 n - a potion of mutation {unknown}
 o - a potion of curing {unknown}
Books
 a - a book of Flames

   Spells                             Type                      Level
   a - Flame Tongue                   Conjuration/Fire             1
   b - Throw Flame                    Conjuration/Fire             2
   c - Conjure Flame                  Conjuration/Fire             3
   d - Inner Flame                    Hexes/Fire                   3
   e - Sticky Flame                   Conjuration/Fire             4
   f - Fireball                       Conjuration/Fire             5
Comestibles
 b - a bread ration


   Skills:
 + Level 1.0 Fighting
 - Level 1.2 Short Blades
 + Level 2.3 Maces & Flails
 - Level 1.1 Throwing
 + Level 2.6 Dodging
 + Level 3.0 Stealth
 + Level 3.0 Spellcasting
 + Level 2.8 Conjurations
 + Level 4.2 Fire Magic


You had one spell level left.
You knew the following spells:

 Your Spells              Type           Power        Failure   Level  Hunger
a - Flame Tongue          Conj/Fire      ##...        4%          1    #......
b - Throw Flame           Conj/Fire      ##....       7%          2    ##.....
c - Sticky Flame          Conj/Fire      ##......     41%         4    #####..
d - Conjure Flame         Conj/Fire      ##......     13%         3    ###....


Dungeon Overview and Level Annotations

Branches:
Dungeon (5/15)
 Temple: D:4-7

Altars:
Kikubaaqudgha
Okawaru


Innate Abilities, Weirdness & Mutations

Your plain brown scales are hard. (AC +6)
You cannot fit into any form of body armour.
You are cold-blooded and may be slowed by cold attacks.


Message History

Press: ? - help, Dir - move target cursor The fire ignites!
The centaur shouts!
The centaur wields a shortbow.
The centaur shoots an arrow.
The arrow completely misses you.
The centaur shoots an arrow.
The arrow hits you!
You see here an arrow.
The centaur shoots an arrow.
The arrow hits you.
The centaur shoots an arrow.
The arrow hits you!
You see here 2 arrows.
Found 8 gold pieces and a mace.
The centaur shoots an arrow.
The arrow hits you.
You see here an arrow.
The centaur shoots an arrow.
The arrow hits you!
* * * LOW HITPOINT WARNING * * *
You see here an arrow.
As you read the scroll of teleportation, it crumbles to dust.
You feel strangely unstable.
The centaur shoots an arrow.
The arrow hits you!
You die...

## ### #. ..# #.## #.#
#... #.# #..# #.#
#..###@# ###((..$#
..#c##### #.#.# ##
#.#.# ##...##.#(#
...c..!.c(#
##...####.######### ##
#.#.......############


You could see a centaur.

Vanquished Creatures
  An ogre (D:4)
  A hound (D:4)
  A jelly (D:5)
  A bullfrog skeleton (D:4)
  Jessica (D:2)
  An iguana (D:4)
  2 orc wizards (D:4)
  A gnoll (D:2)
  8 adders
  An ooze (D:2)
  3 worms
  3 dart slugs
  A leopard gecko (D:2)
  5 orcs
  10 goblins
  4 hobgoblins
  4 jackals (D:2)
  3 quokkas
  3 ball pythons
  10 bats
  6 frilled lizards
  4 kobolds
  10 rats
84 creatures vanquished.

Notes
Turn   | Place    | Note
-------+----------+-------------------------------------------
     0 | D:1      | KrissDaBro the Draconian Fire Elementalist began the quest for the Orb.
     0 | D:1      | Reached XP level 1. HP: 14/14 MP: 3/3
   385 | D:1      | Reached XP level 2. HP: 11/20 MP: 0/5
  1141 | D:2      | Noticed Jessica
  1168 | D:2      | Learned a level 2 spell: Throw Flame
  1230 | D:2      | Reached XP level 3. HP: 23/26 MP: 0/6
  1478 | D:2      | Reached skill level 1 in Throwing
  1597 | D:2      | Killed Jessica
  1597 | D:2      | Reached XP level 4. HP: 15/34 MP: 0/7
  1954 | D:2      | Reached skill level 1 in Short Blades
  2803 | D:2      | Learned a level 4 spell: Sticky Flame
  3020 | D:3      | Reached XP level 5. HP: 27/39 MP: 2/8
  3513 | D:3      | Found an iron altar of Okawaru.
  3576 | D:3      | Noticed a hippogriff
  4497 | D:4      | Reached skill level 1 in Maces & Flails
  4680 | D:4      | Reached skill level 4 in Fire Magic
  4969 | D:4      | Noticed an ogre
  4985 | D:4      | Killed an ogre
  4985 | D:4      | Reached XP level 6. HP: 46/46 MP: 0/10
  5190 | D:4      | Learned a level 3 spell: Conjure Flame
  5577 | D:5      | Entered Level 5 of the Dungeon
  5581 | D:5      | Reached skill level 1 in Fighting
  5711 | D:5      | Found an ancient bone altar of Kikubaaqudgha.
  5726 | D:5      | Shot with an arrow by a centaur

Skill      XL: |  1  2  3  4  5  6 |
---------------+-------------------+-----
Dodging        | 2 |  2.6
Stealth        | 2 3 |  3.0
Throwing       | 1 |  1.1
Short Blades   | 1 |  1.2
Conjurations   | 2 |  2.8
Maces & Flails | 2 |  2.3
Fire Magic     | 4 |  4.2
Spellcasting   | 3 |  3.0
Fighting       | 1 |  1.0

Action                   |  1- 3 |  4- 6 || total
-------------------------+-------+-------++-------
Melee: Club              |    17 |       ||    17
       Short sword       |    13 |     4 ||    17
       Tailslap          |     3 |    11 ||    14
       Mace              |       |    80 ||    80
       Dagger            |       |    12 ||    12
Throw: Stone             |    37 |    15 ||    52
 Cast: Flame Tongue      |    32 |    53 ||    85
       Throw Flame       |     2 |    28 ||    30
       Sticky Flame      |       |     4 ||     4
       Conjure Flame     |       |     1 ||     1
Evoke: Wand              |       |     4 ||     4
  Use: Scroll            |       |     9 ||     9
       Potion            |       |     4 ||     4
 Stab: Distracted        |       |     1 ||     1
  Eat: Chunk             |     3 |     4 ||     7
       Royal jelly       |       |     2 ||     2
       Bread ration      |       |     2 ||     2
Armor: Skin              |    15 |    46 ||    61
Dodge: Dodged            |    27 |    69 ||    96
